Description

This is a timing attack that gives you a good chance of keeping your opponent on 1 base or killing him completely. Watch out for stargates and try to kill pylons and workers!

replays: vs lowground nexus into mass stalker: https://lotv.spawningtool.com/34318/

vs lots of defensive cannons (get more ravagers to break and save lings) https://lotv.spawningtool.com/34322/

vs cannon rush cheese https://lotv.spawningtool.com/34325/

Or Check out my stream while i play it: http://www.twitch.tv/fetzer

VOD

https://www.twitch.tv/videos/229567964

Replay - Neon Violet Square LE (73)

Build Order

Get SALT Encoding   

  14  0:12  Extractor  
  14  0:32  Spawning Pool  
  14  0:33  Action  3 workers on gas
  14  0:44  Overlord  
  15  1:18  Zergling x6  
  18  1:25  Roach Warren  
  17  1:30  Queen  
  19  1:38  Overlord  
  19  2:04  Roach x3  
  25  2:23  Ravager x3  pull workers of gas and macro behind while attacking!
  28  2:40  Action  pull workers of gas & macro
Spawning Tool Build Advisor. Get it on Overwolf

Analysis

Try to not lose your lings to Adepts or Zealots. Try to unpower the stargate (if in wall) or try to kill the nexus if highground wall

Go to:

Details

  • Created by: Fetzer     
  • Published on: Feb 11, 2018
  • Modified on: Feb 16, 2018
  • Patch: 4.0.0
Show
View Real Time Build Order
Export as new Build Order

Comments (0)

There are no comments. Be the first!

Create an account to comment!